 Dungeon Crawl Stone Soup version 0.31-a0-819-gf6de2f5ab6 (webtiles) character file.

Game seed: 5280560816231242982

4733 TheScarfBastard the Cleaver (level 10, -38/88 HPs)
             Began as a White Draconian Berserker on Sept 23, 2023.
             Was an Elder of Trog.
             Killed by an exploding vampire (45 damage)
             ... ignited by their inner flame
             ... on level 9 of the Dungeon.
             The game lasted 00:23:45 (7959 turns).

TheScarfBastard the Cleaver (DrBe)                  Turns: 7959, Time: 00:23:47

Health: -38/88     AC:  7    Str: 23    XL:     10   Next: 22%
Magic:  10/10      EV: 16    Int:  7    God:    Trog [****..]
Gold:   392        SH:  0    Dex: 18    Spells: 9/9 levels left

rFire   . . .        w - +2 mace (protect)
rCold   + . .        (no shield)
rNeg    . . .        (body armour unavailable)
rPois   .            (helmet restricted)
rElec   .            (no cloak)
rCorr   .            (no gloves)
SInv    .            (no boots)
Will    .....        x - amulet of regeneration
Stlth   +++          u - +6 ring of dexterity
HPRegen 1.14/turn    (no ring)
MPRegen 0.12/turn

%: no passive effects
@: on berserk cooldown, hasted and slowed
A: breathe frost, AC +7, unfitting armour, cold resistance 1, cold-blooded
a: Breathe Frost, Renounce Religion, Berserk, Trog's Hand, Brothers in Arms


You were on level 9 of the Dungeon.
You worshipped Trog.
Trog was greatly pleased with you.
You visited 2 branches of the dungeon, and saw 10 of its levels.

You collected 392 gold pieces.

Inventory:

Hand Weapons
 a - a +0 falchion
 j - a +0 war axe
 p - a +2 falchion of holy wrath
 r - a +2 hand axe of electrocution
 w - a +2 mace of protection (weapon)
 B - a +4 vampiric dagger
Jewellery
 u - a +6 ring of dexterity (left hand)
 x - an amulet of regeneration (around neck)
Wands
 n - a wand of iceblast (13)
 o - a wand of polymorph (7)
 q - a wand of acid (3)
 z - a wand of mindburst (10)
Scrolls
 c - 4 scrolls of teleportation
 d - a scroll of summoning {unknown}
 f - 2 scrolls of amnesia
 i - a scroll of revelation
 k - 4 scrolls of fear
 v - a scroll of enchant weapon {unknown}
 y - 2 scrolls of poison {unknown}
 A - 3 scrolls of brand weapon {unknown}
Potions
 b - 2 potions of attraction {unknown}
 e - a potion of brilliance
 g - 3 potions of enlightenment
 m - a potion of berserk rage {unknown}
 s - 2 potions of haste
 t - a potion of curing


   Skills:
 + Level 8.1 Fighting
 + Level 5.1 Long Blades
 + Level 9.3(9.4) Axes
 + Level 2.0(6.2) Maces & Flails
 + Level 7.0 Dodging
 + Level 4.0 Stealth
 + Level 1.5 Unarmed Combat


You had 9 spell levels left.
You didn't know any spells.
Your spell library was empty.

Dungeon Overview and Level Annotations

Branches:
Dungeon (9/15)             Temple (1/1) D:4
   Lair: D:8-11         Orc: D:9-12

Altars:
Ashenzari
Cheibriados
Dithmenos
Elyvilon
Fedhas
Gozag
Hepliaklqana
Kikubaaqudgha
Makhleb
Nemelex Xobeh
Okawaru
Qazlal
Ru
Sif Muna
Trog
Uskayaw
Vehumet
Wu Jian
Xom
Zin
The Shining One


Innate Abilities, Weirdness & Mutations

You can breathe waves of freezing cold which knock back foes.
Your icy white scales are hard. (AC +7)
You cannot fit into any form of body armour.
Your flesh is cold resistant. (rC+)
You are cold-blooded and may be slowed by cold attacks.


Message History

The creatures around you are filled with an inner flame!
The vampire hits you but does no damage.
The vampire misses you.
You closely miss the vampire.
Flame seeps out of the vampire.
You tail-slap the vampire.
The vampire is heavily damaged.
The vampire is engulfed in blazing flames.
Flame seeps out of the vampire.
The vampire barely misses you. The vampire bites you!
* * * LOW HITPOINT WARNING * * *
The vampire draws strength from your injuries!
The vampire is engulfed in blazing flames.
Flame seeps out of the vampire.
The vampire points at you and mumbles some strange words.
You are confused.
You feel better.
The vampire is engulfed in blazing flames.
Flame seeps out of the vampire.
The vampire hits you.
* * * LOW HITPOINT WARNING * * *
The vampire completely misses you.
You hit the vampire.
Flame seeps out of the vampire.
Your weapon exudes an aura of protection.
You tail-slap the vampire, but do no damage.
The vampire is severely damaged.
The vampire is engulfed in blazing flames.
Flame seeps out of the vampire.
The vampire hits you!
* * * LOW HITPOINT WARNING * * *
The vampire completely misses you.
The vampire is engulfed in blazing flames.
Flame seeps out of the vampire.
The vampire hits you but does no damage.
The vampire misses you.
You feel yourself speed up.
The vampire is engulfed in blazing flames.
Trog accepts your kill.
Trog appreciates your killing of a magic user.
The vampire explodes!
The fiery explosion engulfs you!!!
Ouch! That really hurt!
You die...

..........#.......
..........#........
..........#......PP
..........#........
..........#........
..........#.......P
..............#.......P
......####....§§§.......
..#...........§°@#.....
.. ...........##§# ...
#.###.####....##.### .
#...................
#..##.#..####.#.....
+..##'#............%
#......#####.........
#......+ ..........
#......# .#####......


There were no monsters in sight!

Vanquished Creatures
  2 trolls
  Grinder (D:5)
  A vampire (D:9)
  A wyvern (D:8)
  6 yaks (D:9)
  A steam dragon (D:9)
  Duvessa (D:4)
  An acid dragon (D:9)
  3 water moccasins
  2 orc warriors
  An ice beast (D:7)
  3 black bears
  An ogre (D:6)
  A centaur (D:6)
  A phantom (D:4)
  2 kobold brigands
  3 bullfrogs
  3 scorpions
  4 wights (D:6)
  Dowan (D:4)
  2 howler monkeys
  A crimson imp (D:7)
  A jelly (D:7)
  A gnoll bouda (D:9)
  6 orc priests
  A hound (D:6)
  A sleepcap (D:5)
  Ijyb (D:4)
  5 iguanas
  3 orc wizards
  Robin (D:2)
  6 gnolls
  3 adders
  A shadow imp (D:5)
  4 white imps
  An ufetubus (D:5)
  5 worms
  A dart slug (D:1)
  27 orcs
  4 bats
  11 endoplasms
  3 giant cockroaches
  17 goblins
  13 hobgoblins
  10 kobolds
  3 quokkas
  8 ball pythons
  6 frilled lizards
  7 rats
192 creatures vanquished.

Notes
Turn   | Place    | Note
-------+----------+-------------------------------------------
     0 | D:1      | TheScarfBastard the Draconian Berserker began the quest for
                  | the Orb.
     0 | D:1      | Reached XP level 1. HP: 19/19 MP: 1/1
   158 | D:1      | Found a faded altar of an unknown god.
   169 | D:1      | Reached XP level 2. HP: 14/26 MP: 2/2
   815 | D:2      | Reached XP level 3. HP: 33/33 MP: 3/3
   959 | D:2      | Noticed Robin
   960 | D:2      | Reached ** piety under Trog
  1096 | D:2      | Killed Robin
  1298 | D:2      | Reached XP level 4. HP: 40/40 MP: 4/4
  1377 | D:2      | Found a hide-covered altar of Uskayaw.
  2094 | D:3      | Found a sparkling altar of Nemelex Xobeh.
  2188 | D:3      | Reached *** piety under Trog
  2206 | D:3      | Reached XP level 5. HP: 43/46 MP: 5/5
  2745 | D:4      | Noticed Ijyb
  2747 | D:4      | Noticed a black bear
  2751 | D:4      | Noticed a black bear
  2753 | D:4      | Reached skill level 1 in Stealth
  2756 | D:4      | Killed Ijyb
  2757 | D:4      | Reached skill level 1 in Axes
  2757 | D:4      | Killed a black bear
  2758 | D:4      | Reached skill level 2 in Axes
  2758 | D:4      | Reached XP level 6. HP: 41/53 MP: 6/6
  2766 | D:4      | HP: 2/79 [gnoll/+0 spear (4)]
  2944 | D:4      | Noticed Duvessa
  2949 | D:4      | Noticed Dowan
  2951 | D:4      | Found a staircase to the Ecumenical Temple.
  2971 | D:4      | Killed Duvessa
  2972 | D:4      | Reached skill level 3 in Axes
  2978 | D:4      | Killed Dowan
  2979 | D:4      | Your scales start taking on an icy white colour.
  2979 | D:4      | Reached XP level 7. HP: 50/60 MP: 7/7
  2979 | D:4      | Gained mutation: Your flesh is cold resistant. (rC+) [White
                  | Draconian growth]
  3009 | Temple   | Entered the Ecumenical Temple
  3098 | D:4      | Reached skill level 5 in Fighting
  3098 | D:4      | Reached skill level 4 in Axes
  3435 | D:4      | Reached skill level 1 in Unarmed Combat
  3536 | D:5      | Entered Level 5 of the Dungeon
  3709 | D:5      | Found a burning altar of Makhleb.
  3726 | D:5      | Noticed Grinder
  3735 | D:5      | Paralysed by Grinder for 4 turns
  3754 | D:5      | Killed Grinder
  3755 | D:5      | Reached skill level 5 in Axes
  3983 | D:5      | Reached XP level 8. HP: 35/69 MP: 8/8
  3986 | D:5      | Found an ornate altar of the Wu Jian Council.
  4514 | D:6      | Reached skill level 6 in Axes
  4514 | D:6      | Reached skill level 5 in Dodging
  4601 | D:6      | Reached skill level 5 in Long Blades
  4706 | D:6      | Reached **** piety under Trog
  4853 | D:6      | Found a broken altar of Ashenzari.
  4902 | D:6      | Found a glowing drain.
  5452 | D:6      | Reached XP level 9. HP: 72/78 MP: 9/9
  5612 | D:7      | Reached skill level 7 in Axes
  5645 | D:7      | Found a sacrificial altar of Ru.
  5652 | D:7      | Identified the +2 trident of the Final Decision {drain,
                  | rF+++ Str-2 Int+5 Dex-4}
  5656 | D:7      | Found a shadowy altar of Dithmenos.
  5666 | D:7      | Found a stormy altar of Qazlal.
  5893 | D:7      | Found a blossoming altar of Fedhas.
  5894 | D:7      | Found a shimmering blue altar of Sif Muna.
  6716 | D:8      | Reached skill level 8 in Axes
  6840 | D:8      | Noticed a troll
  6861 | D:8      | Killed a troll
  7703 | D:9      | Reached skill level 9 in Axes
  7703 | D:9      | Reached XP level 10. HP: 88/88 MP: 10/10
  7712 | D:9      | Reached skill level 1 in Maces & Flails
  7959 | D:9      | Killed by an exploding vampire... ignited by their inner
                  | flame

Illustrated notes

Levels and vault maps discovered:
D:1:      dpeg_arrival_simpleton_a, layout_basic,
          shapermc_ecumenical_altar_starsandcircs, minmay_pentomino_x4
D:2:      layout_basic, basic_altar, uniq_robin
D:3:      layout_loops_ring, lemuel_crystal_altar
D:4:      layout_rooms, minmay_temple_entry_trees, uniq_ijyb, uniq_duvessa
D:5:      layout_gridville, mainiacjoe_overflow_cross_hatched, kennysheep_mini,
          uniq_grinder
D:6:      layout_basic, old_standard_altar, cheibrodos_sewer_entry_bend
D:7:      layout_layer_cave, minmay_overflow_temple_star_quad,
          gammafunk_temple_overflow_statue, minmay_fire_ice_demons
D:8:      layout_basic
D:9:      layout_basic, mainiacjoe_overflow_chevrons, serial_bayou_pond_e
Temple:   nicolae_temple_no_exploring_needed

Skill      XL: |  1  2  3  4  5  6  7  8  9 10 |
---------------+-------------------------------+-----
Dodging        | 3 4 5 6 7 |  7.0
Fighting       | 4 5 6 7 8 |  8.1
Long Blades    | 4 5 |  5.1
Stealth        | 1 3 4 |  4.0
Axes           | 2 3 5 6 9 |  9.3
Unarmed Combat | 1 |  1.5
Maces & Flails | 2 |  2.0

Action                     |  1- 3 |  4- 6 |  7- 9 | 10-12 || total
---------------------------+-------+-------+-------+-------++-------
  Melee: Falchion          |   120 |    89 |    13 |       ||   222
         Tailslap          |    11 |    15 |    35 |    22 ||    83
         Punch             |     3 |       |     6 |       ||     9
         War axe           |       |    38 |    48 |       ||    86
         Unarmed           |       |    23 |       |       ||    23
         Hand axe          |       |       |   196 |       ||   196
         Mace              |       |       |     8 |    87 ||    95
 Invoke: Berserk           |     2 |     3 |     8 |     2 ||    15
Ability: Breathe Frost     |       |       |     3 |     1 ||     4
    Use: Potion            |     2 |       |     1 |     6 ||     9
         Scroll            |     3 |     3 |     5 |     1 ||    12
   Stab: Sleeping          |     1 |     1 |     3 |       ||     5
         Distracted        |       |       |     1 |       ||     1
 Armour: Skin              |    89 |    95 |   172 |   112 ||   468
  Dodge: Dodged            |   101 |   128 |   215 |    94 ||   538

Table legend: (Time is in decaauts)
 A = Elapsed time spent in this place.
 B = Non-inter-level travel time spent in this place.
 C = Inter-level travel time spent in this place.
 D = Time resting spent in this place.
 E = Time spent auto-exploring this place.
 F = Levels seen in this place.
 G = Mean time per level.
                   A        B        C        D        E       F      G
               +--------+--------+--------+--------+--------+-----+--------+
         Total |   8140 |   7865 |    275 |      0 |   5480 |  10 |  814.0 |
       Dungeon |   8118 |   7843 |    275 |      0 |   5480 |   9 |  902.0 |
        Temple |     21 |     21 |      0 |      0 |      0 |   1 |   21.0 |
               +--------+--------+--------+--------+--------+-----+--------+

Top non-repeatable levels by time:
     D:6: 1178 daAuts
     D:7: 1098 daAuts
     D:2: 1084 daAuts
     D:8: 968 daAuts
     D:4: 933 daAuts
     D:5: 866 daAuts
     D:3: 816 daAuts
     D:1: 790 daAuts
     D:9: 383 daAuts
  Temple: 21 daAuts
